 Dungeon Crawl Stone Soup version 0.31-a0-177-g4aa6249778 (webtiles) character file.

Game seed: 10961145283437779985

176 sanka the Charlatan (level 5, -3/61 HPs)
             Began as a Gnoll Artificer on June 18, 2023.
             Was a Believer of Nemelex Xobeh.
             Slain by an orc
             ... wielding a +0 flail
              (5 damage)
             ... on level 4 of the Dungeon.
             The game lasted 00:05:13 (2587 turns).

sanka the Charlatan (Gnoll Artificer)               Turns: 2587, Time: 00:05:15

Health: -3/61      AC: 22    Str: 12    XL:     5   Next: 56%
Magic:  7/7        EV:  2    Int: 12    God:    Nemelex Xobeh [**....]
Gold:   155        SH:  0    Dex: 12    Spells: 7/7 levels left

rFire   + + +        v - +7 war axe of a Billion Teeth {heavy, *Noise rElec rF+++ Stlth+}
rCold   . . .        (no shield)
rNeg    . . .        o - melded +3 chain mail "Uroum" {rN+}
rPois   +            (helmet currently unavailable)
rElec   +            (cloak currently unavailable)
rCorr   .            (gloves currently unavailable)
SInv    .            (boots currently unavailable)
Will    .....        (no amulet)
Stlth   +++          (no ring)
HPRegen 0.30/turn    u - ring of wizardry
MPRegen 0.10/turn

%: wizardry (x1)
@: tree-form, attractive
A: stationary, stasis, torment immunity, boosted hp, (fangs 1), strong nose,
distributed training
a: Renounce Religion, Draw Escape, Draw Destruction, Draw Summoning


You were on level 4 of the Dungeon.
You worshipped Nemelex Xobeh.
Nemelex Xobeh was pleased with you.
You were a tree.
You visited 1 branch of the dungeon, and saw 4 of its levels.

You collected 155 gold pieces.


Innate Abilities, Weirdness & Mutations

You are a tree.
Your roots penetrate the ground, keeping you stationary.
You cannot be teleported.
You are immune to unholy pain and torment.
Your maximum health is greatly increased.
Your equipment is partially melded.
((You have very sharp teeth.))
Your uncanny sense of smell can sniff out nearby items.
Your experience applies equally to all skills.


   Skills:
 + Level 3.0 Fighting
 + Level 1.6 Short Blades
 + Level 1.6 Long Blades
 + Level 1.6 Axes
 + Level 1.6 Maces & Flails
 + Level 1.6 Polearms
 + Level 1.6 Staves
 + Level 1.6 Ranged Weapons
 + Level 1.6 Throwing
 + Level 4.8 Armour
 + Level 3.0 Dodging
 + Level 2.8 Stealth
 + Level 1.6 Shields
 + Level 1.6 Unarmed Combat
 + Level 1.6 Spellcasting
 + Level 1.3 Conjurations
 + Level 1.3 Hexes
 + Level 1.3 Summonings
 + Level 1.3 Necromancy
 + Level 1.3 Translocations
 + Level 1.3 Transmutations
 + Level 1.3 Fire Magic
 + Level 1.3 Ice Magic
 + Level 1.3 Air Magic
 + Level 1.3 Earth Magic
 + Level 1.3 Poison Magic
 + Level 1.8 Invocations
 + Level 6.7 Evocations


You had 7 spell levels left.
You didn't know any spells.
Your spell library contained the following spells:

 Spells                   Type           Power      Damage    Failure   Level
 Magic Dart               Conj           16%        1d3       7%          1
 Sandblast                Erth           8%         2d5       7%          1
 Call Imp                 Summ           8%         N/A       11%         2
 Passwall                 Tmut/Erth      3%         N/A       11%         2
 Searing Ray              Conj           8%         2d4       11%         2
 Gell's Gravitas          Tloc           4%         N/A       21%         3
 Mephitic Cloud           Conj/Pois/Air  4%         N/A       21%         3
 Stone Arrow              Conj/Erth      8%         3d7       21%         3
 Teleport Other           Tloc           4%         N/A       21%         3
 Animate Armour           Summ/Erth      8%         N/A       52%         4
 Fulminant Prism          Conj/Hex       2%         3d5       52%         4
 Summon Lightning Spire   Summ/Air       4%         N/A       52%         4
 Blade Hands              Tmut           2%         N/A       86%         5
 Dispersal                Tloc           2%         N/A       100%        6

Inventory:

Hand Weapons
 a - a +0 club
 i - a +0 rapier
 v - the +7 war axe of a Billion Teeth (weapon) {heavy, *Noise rElec rF+++ Stlth+} rF: It renders you almost immune to fire. rElec: It insulates you from electricity. *Noise: It may make noises in combat. Stlth: It makes you more stealthy.
Missiles
 k - 4 boomerangs
Armour
 b - a +0 leather armour
 o - the +3 chain mail "Uroum" (melded) {rN+} rN: It protects you from negative energy.
Jewellery
 u - a ring of wizardry (right branch)
Wands
 c - a wand of flame (15) (quivered)
 d - a wand of charming (14)
 e - a wand of iceblast (5)
Scrolls
 g - 2 scrolls of enchant weapon {unknown}
 h - a scroll of silence {unknown}
 j - 2 scrolls of fear {unknown}
 l - a scroll of immolation {!r}
 m - a scroll of teleportation {unknown}
 q - 2 scrolls of poison {unknown}
 r - 4 scrolls of identify {unknown}
 t - a scroll of noise {unknown}
Potions
 f - a potion of lignification {!q}
 n - a potion of attraction {!q}
 p - a potion of enlightenment {unknown}
 s - a potion of curing {unknown}
 w - a potion of mutation {unknown}

Dungeon Overview and Level Annotations

Branches:
Dungeon (4/15)
 Temple: D:4-7

Altars:
Nemelex Xobeh
Zin

Shops:
D:1 * D:3

* .P~ . .P♣♣♣
.. ~~♣~ ... P~~
.... PP .....▒.
.......▒▒▒.▒
▒...o♣...▒
▒.....{{)..▒
...........£▒
...............
▒..........▒▒▒.
▒.........£▒
▒...........
.............


You could see an orc.


Message History

You miss something. You barely miss something.
Something hits you but does no damage. Something hits you but does no damage.
Something hits you but does no damage.
You hear some strange, mumbled words.
A magic dart appears from out of thin air!
The magic dart hits you.
* * * LOW HITPOINT WARNING * * *
The orc hits you but does no damage.
Your Fighting skill increases to level 3!
Your Dodging skill increases to level 3!
You have reached level 5!
Unknown command.
It was a potion of lignification.
You turn into a tree.
Your roots penetrate the ground.
Something hits you but does no damage. The orc hits you but does no damage.
Something hits you but does no damage.
It was a potion of attraction.
You feel attractive to monsters.
You hear a splashing noise.
Something hits you but does no damage.
You hear some strange, mumbled words.
A magic dart appears from out of thin air!
The magic dart hits you but does no damage.
The orc hits you with a +0 flail.
You die...
Your body glows slightly and disappears.

Action                     |  1- 3 |  4- 6 || total
---------------------------+-------+-------++-------
  Melee: Club              |    58 |       ||    58
         Bite              |     8 |     4 ||    12
         Rapier            |   103 |    65 ||   168
         Punch             |     3 |     3 ||     6
         War axe           |       |    14 ||    14
  Evoke: Wand              |       |     1 ||     1
    Use: Potion            |       |     2 ||     2
   Stab: Sleeping          |     1 |       ||     1
 Armour: Leather armour    |    34 |       ||    34
         Chain mail        |    42 |    79 ||   121
         Skin              |       |     5 ||     5
  Dodge: Dodged            |   100 |    36 ||   136

Levels and vault maps discovered:
D:1:      ldierk_walled_garden, layout_basic, serial_glass, glass_columns_c,
          glass_columns_c, serial_shops, shop, hellmonk_ecumenical_altar_blasted
D:2:      layout_loops_cross, chequers_decorated_corner,
          corexii_leaking_fountain, grunt_decor_clamped
D:3:      layout_rooms, zin_purify
D:4:      layout_rooms, minmay_temple_entry_sparse_star,
          ebering_ghost_rock_garden, serial_bayou_pond_c

Notes
Turn   | Place    | Note
-------+----------+-------------------------------------------
     0 | D:1      | sanka the Gnoll Artificer began the quest for the Orb.
     0 | D:1      | Reached XP level 1. HP: 17/17 MP: 1/1
    94 | D:1      | Found a faded altar of an unknown god.
   131 | D:1      | Prayed at the altar of an unknown god.
   131 | D:1      | Became a worshipper of Nemelex Xobeh the Trickster
   131 | D:1      | Reached * piety under Nemelex Xobeh
   217 | D:1      | Reached XP level 2. HP: 23/23 MP: 2/2
   525 | D:1      | Found Huezo's Assorted Antiques.
   737 | D:1      | Reached XP level 3. HP: 23/28 MP: 3/3
  1055 | D:2      | Reached skill level 1 in Invocations
  1183 | D:2      | Received a gift from Nemelex Xobeh
  1194 | D:2      | Reached skill level 1 in Short Blades
  1194 | D:2      | Reached skill level 1 in Long Blades
  1194 | D:2      | Reached skill level 1 in Axes
  1194 | D:2      | Reached skill level 1 in Maces & Flails
  1194 | D:2      | Reached skill level 1 in Polearms
  1194 | D:2      | Reached skill level 1 in Staves
  1194 | D:2      | Reached skill level 1 in Ranged Weapons
  1194 | D:2      | Reached skill level 1 in Throwing
  1194 | D:2      | Reached skill level 1 in Shields
  1194 | D:2      | Reached skill level 1 in Unarmed Combat
  1194 | D:2      | Reached skill level 1 in Spellcasting
  1205 | D:2      | Identified the +3 chain mail "Uroum" {rN+}
  1679 | D:2      | Reached XP level 4. HP: 34/34 MP: 5/5
  2152 | D:3      | Found Zin's Purification Station.
  2158 | D:3      | Found a glowing silver altar of Zin.
  2313 | D:3      | Identified the +7 war axe of a Billion Teeth {heavy, *Noise
                  | rElec rF+++ Stlth+}
  2417 | D:3      | Reached skill level 1 in Conjurations
  2417 | D:3      | Reached skill level 1 in Hexes
  2417 | D:3      | Reached skill level 1 in Summonings
  2417 | D:3      | Reached skill level 1 in Necromancy
  2417 | D:3      | Reached skill level 1 in Translocations
  2417 | D:3      | Reached skill level 1 in Transmutations
  2417 | D:3      | Reached skill level 1 in Fire Magic
  2417 | D:3      | Reached skill level 1 in Ice Magic
  2417 | D:3      | Reached skill level 1 in Air Magic
  2417 | D:3      | Reached skill level 1 in Earth Magic
  2417 | D:3      | Reached skill level 1 in Poison Magic
  2433 | D:3      | Reached ** piety under Nemelex Xobeh
  2581 | D:4      | Noticed a scorpion
  2585 | D:4      | Killed a scorpion
  2585 | D:4      | HP: 1/34 [something/magic dart (6)]
  2586 | D:4      | Reached skill level 3 in Fighting
  2586 | D:4      | Reached skill level 3 in Dodging
  2586 | D:4      | Reached XP level 5. HP: 1/41 MP: 7/7
  2587 | D:4      | Slain by an orc

Vanquished Creatures
  A scorpion (D:4)
  An iguana (D:4)
  An adder (D:2)
  A worm (D:2)
  2 dart slugs
  11 ball pythons
  8 endoplasms
  2 giant cockroaches (D:2)
  10 goblins
  5 hobgoblins
  6 quokkas
  2 bats
  6 frilled lizards
  6 kobolds
  7 rats
69 creatures vanquished.

Vanquished Creatures (collateral kills)
  An endoplasm (D:2)
  A kobold (D:2)
2 creatures vanquished.

Grand Total: 71 creatures vanquished
